 Dungeon Crawl Stone Soup version 0.30-a0-718-geaa24f58ff (webtiles) character file.

Game seed: 4719115763178024163

2328 zinnoa the Protected (level 9, -3/120 HPs)
             Began as an Armataur Berserker on Jan 26, 2023.
             Was an Elder of Trog.
             Slain by an eight-headed hydra (9 damage)
             ... on level 7 of the Dungeon.
             The game lasted 00:19:47 (5465 turns).

zinnoa the Protected (Armataur Berserker)           Turns: 5465, Time: 00:19:47

Health: -3/120     AC: 12    Str: 26    XL:     9   Next: 19%
Magic:  9/9        EV:  7    Int: 10    God:    Trog [****..]
Gold:   377        SH:  0    Dex: 11    Spells: 8/8 levels left

rFire   + . .      SeeInvis .    x - +6 quarterstaff of Regicide {venom, rPois rF+ rCorr Int+3}
rCold   . . .      Faith    .    (shield currently unavailable)
rNeg    . . .      Spirit   .    K - +0 chain mail
rPois   +          Reflect  .    (no helmet)
rElec   .          Harm     .    k - +0 cloak
rCorr   +          Roll     +    D - +0 pair of gloves
Will    .....                    (no barding) Stlth
                                 (no amulet)
HPRegen 0.40/turn                p - ring of poison resistance
MPRegen 0.11/turn                (no ring)

@: berserking, very quick
A: large, rugged brown scales 3, deformed body, armoured tail, roll, long
tongue, awkward tongue
a: Renounce Religion, Berserk, Trog's Hand, Brothers in Arms


You were on level 7 of the Dungeon.
You worshipped Trog.
Trog was greatly pleased with you.
You visited 1 branch of the dungeon, and saw 7 of its levels.
You also visited: Sewer.

You collected 377 gold pieces.

Inventory:

Hand Weapons
 a - a +0 mace
 j - a +0 great mace
 l - a +0 whip
 x - the +6 quarterstaff of Regicide (weapon) {venom, rPois rF+ rCorr Int+3}
   (You took it off a goblin on level 4 of the Dungeon)

   Int:       It affects your intelligence (+3).
   rF:        It protects you from fire.
   rPois:     It protects you from poison.
   rCorr:     It protects you from acid and corrosion.
 y - a +0 sling
 I - a +1 dagger of speed
 J - a +0 club
Missiles
 M - a curare-tipped dart
Armour
 k - a +0 cloak (worn)
 D - a +0 pair of gloves (worn)
 K - a +0 chain mail (worn)
Jewellery
 p - a ring of poison resistance (left hand)
 L - a +6 ring of dexterity
Wands
 A - a wand of roots (7)
 C - a wand of quicksilver (5)
Scrolls
 b - a scroll of amnesia {unknown}
 f - 2 scrolls of vulnerability {unknown}
 g - 4 scrolls of identify {unknown}
 m - 3 scrolls of teleportation {unknown}
 n - a scroll of acquirement {unknown}
 q - 2 scrolls of magic mapping {unknown}
 s - a scroll of fear {unknown}
 u - a scroll of enchant weapon {unknown}
 v - 2 scrolls of poison {unknown}
 B - a scroll of immolation {unknown}
 F - 2 scrolls of noise {unknown}
 G - a scroll of fog {unknown}
 H - 2 scrolls of enchant armour {unknown}
Potions
 c - 4 potions of brilliance {unknown}
 d - 3 potions of flight {unknown}
 e - a potion of mutation {unknown}
 h - 3 potions of might
 i - a potion of invisibility {unknown}
 o - a potion of ambrosia {unknown}
 r - 2 potions of curing {unknown}
 t - 2 potions of heal wounds {unknown}
 w - 2 potions of haste {unknown}
 z - a potion of degeneration {unknown}
 E - a potion of attraction {unknown}


   Skills:
 * Level 5.9 Fighting
 * Level 7.5 Maces & Flails
 + Level 0.2 Ranged Weapons
 * Level 8.7 Armour
 + Level 2.4 Dodging
 - Level 1.1 Stealth


You had 8 spell levels left.
You didn't know any spells.
Your spell library was empty.

Dungeon Overview and Level Annotations

Branches:
Dungeon (7/15)             Temple (0/1) D:7           Sewer (visited)

Altars:
Ashenzari
Fedhas
Makhleb
Qazlal
Trog
Uskayaw
Xom
Zin

Shops:
D:7 (

Annotations:
D:6 3 runed translucent doors, Nabski's ghost, novice TeFE; bmack86's ghost, novice MiFi; rddays123's ghost, amateur HOFi; scionoferis's ghost, novice DgCj
D:7 1 runed translucent door, Crazy Yiuf


Innate Abilities, Weirdness & Mutations

You are completely covered in rugged brown scales. (AC +3, +7% HP)
Armour fits poorly on your strangely shaped body.
You have a long armoured tail.
You roll when moving toward enemies. (Rampage)
Your long tongue fully drains potion bottles. (2x potion effects)
Your tongue gives you trouble enunciating. (1.5x scroll delay)


Message History

The eight-headed hydra bites you.
The eight-headed hydra completely misses you.
You are too berserk!
You are too berserk!
Okay, then.
You barely miss the eight-headed hydra.
A troll comes into view.
The troll bites you. The troll claws you but does no damage.
The troll barely misses you.
You barely miss the eight-headed hydra. The eight-headed hydra bites you!
The eight-headed hydra bites you.
The eight-headed hydra bites you but does no damage.
The eight-headed hydra bites you.
The eight-headed hydra bites you but does no damage.
The eight-headed hydra bites you! The eight-headed hydra bites you.
The eight-headed hydra bites you but does no damage.
You hit the troll.
The troll looks as sick as possible!
Your tail-slap misses the troll.
The troll is severely wounded.
The troll bites you but does no damage. The troll claws you. x2
The eight-headed hydra bites you but does no damage. x2
The eight-headed hydra bites you!
* * * LOW HITPOINT WARNING * * *
The eight-headed hydra barely misses you.
The eight-headed hydra closely misses you.
The eight-headed hydra bites you but does no damage.
The eight-headed hydra bites you!
* * * LOW HITPOINT WARNING * * *
The eight-headed hydra bites you!
* * * LOW HITPOINT WARNING * * *
You closely miss the troll.
The troll is severely wounded.
The troll closely misses you. The troll claws you.
* * * LOW HITPOINT WARNING * * *
The troll claws you.
* * * LOW HITPOINT WARNING * * *
The eight-headed hydra bites you but does no damage.
The eight-headed hydra barely misses you.
The eight-headed hydra bites you!
You die...

# # #.# #.# # #..
#.# # #.. #.# #
####..###.# ♣## ...
..........## ...#
###
..........##.P##
#......#TT..## ...#
#.....@D....# #...#
#.####......#
##....# #..#
#......# ###.....#
#..###.P##.##
........###.......#
#
#...#.........###..
.#.#..........# ###
..>...........#
.#.#..........#


You could see an eight-headed hydra and 2 trolls.

Vanquished Creatures
  Grinder (D:4)
  Pargi (Sewer)
  2 ice beasts (D:7)
  A sky beast (D:7)
  An ogre (D:7)
  3 phantoms (D:6)
  4 kobold brigands
  A bullfrog (D:7)
  2 necrophages
  A scorpion (D:4)
  5 wights (D:6)
  A howler monkey (D:6)
  2 jellies
  2 hounds
  4 iguanas
  Ijyb (D:4)
  2 orc wizards (D:7)
  A hound skeleton (D:3)
  4 gnolls
  9 adders
  A shadow imp (D:7)
  2 ufetubi
  2 adder zombies (D:3)
  4 worms
  A dart slug (D:4)
  27 orcs
  5 endoplasms
  3 giant cockroaches
  9 goblins (D:4)
  11 hobgoblins
  9 jackals
  4 quokkas
  7 ball pythons
  A ball python skeleton (D:3)
  3 bats
  2 frilled lizards
  20 kobolds
  2 quokka skeletons (D:3)
  A quokka zombie (D:3)
  8 rats
170 creatures vanquished.

Vanquished Creatures (others)
  A plant (D:7)
  4 withered plants
5 creatures vanquished.

Grand Total: 175 creatures vanquished

Notes
Turn   | Place    | Note
-------+----------+-------------------------------------------
     0 | D:1      | zinnoa the Armataur Berserker began the quest for the Orb.
     0 | D:1      | Reached XP level 1. HP: 19/19 MP: 1/1
   388 | D:1      | Reached XP level 2. HP: 26/26 MP: 2/2
   944 | D:2      | Reached XP level 3. HP: 23/33 MP: 3/3
  1307 | D:2      | Reached ** piety under Trog
  1543 | D:3      | Reached XP level 4. HP: 39/40 MP: 4/4
  1572 | D:3      | Reached skill level 3 in Armour
  1604 | D:3      | Found a shimmering altar of Xom.
  1726 | D:3      | Found a faded altar of an unknown god.
  2293 | D:4      | Found a stormy altar of Qazlal.
  2345 | D:4      | Reached *** piety under Trog
  2350 | D:4      | Reached XP level 5. HP: 48/48 MP: 5/5
  2731 | D:4      | Reached XP level 6. HP: 37/55 MP: 6/6
  2804 | D:4      | Found a hide-covered altar of Uskayaw.
  2804 | D:4      | Found a broken altar of Ashenzari.
  2934 | D:4      | Reached skill level 5 in Maces & Flails
  2934 | D:4      | Reached skill level 4 in Armour
  3199 | D:4      | Identified the +6 quarterstaff of Regicide {venom, rPois
                  | rF+ rCorr Int+3}
  3351 | D:4      | Noticed Ijyb
  3351 | D:4      | Noticed Grinder
  3360 | D:4      | Killed Grinder
  3360 | D:4      | Killed Ijyb
  3361 | D:4      | Reached skill level 1 in Stealth
  3361 | D:4      | Reached XP level 7. HP: 63/63 MP: 7/7
  3625 | D:5      | Entered Level 5 of the Dungeon
  3653 | D:5      | Reached **** piety under Trog
  3699 | D:5      | Found a glowing drain.
  3781 | D:5      | Reached skill level 5 in Armour
  3924 | D:5      | Found a burning altar of Makhleb.
  3927 | D:5      | Found a glowing silver altar of Zin.
  3927 | D:5      | Noticed an angel
  3928 | D:5      | Noticed a balrug
  4009 | Sewer    | Entered a sewer
  4116 | Sewer    | Noticed Pargi
  4119 | Sewer    | Killed Pargi
  4383 | D:6      | Found a bloodstained altar of Trog.
  4390 | D:6      | Reached XP level 8. HP: 65/71 MP: 8/8
  4414 | D:6      | Found a runed translucent gate.
  4415 | D:6      | Found a runed translucent gate.
  4416 | D:6      | Found a runed translucent gate.
  4416 | D:6      | Noticed Nabski's ghost (novice TeFE)
  4420 | D:6      | Noticed bmack86's ghost (novice MiFi)
  4421 | D:6      | Noticed scionoferis's ghost (novice DgCj)
  4421 | D:6      | Noticed rddays123's ghost (amateur HOFi)
  4469 | D:6      | Reached skill level 6 in Armour
  4528 | D:6      | Found a blossoming altar of Fedhas.
  4664 | D:6      | Reached skill level 5 in Fighting
  4666 | D:6      | Reached skill level 7 in Armour
  4735 | D:6      | You fall into a shaft and drop 1 floor!
  4803 | D:7      | Reached skill level 8 in Armour
  4843 | D:7      | Reached XP level 9. HP: 41/80 MP: 9/9
  5183 | D:7      | Found Xeubowoz's Antique Weapon Shop.
  5388 | D:7      | Found a runed translucent door.
  5389 | D:7      | Noticed Crazy Yiuf
  5405 | D:7      | Found a staircase to the Ecumenical Temple.
  5457 | D:7      | Noticed a troll
  5457 | D:7      | Noticed an eight-headed hydra
  5462 | D:7      | Noticed a troll
  5465 | D:7      | HP: 6/120 [troll (2)]
  5465 | D:7      | Slain by an eight-headed hydra

Illustrated notes

Levels and vault maps discovered:
D:1:      minmay_arrival_up_and_down, layout_loops_corners, minivault_26
D:2:      layout_rooms, amcnicky_mini_corridor_feature,
          minmay_misc_feat_nine_boxes
D:3:      layout_loops_ring, xom_butterflies,
          chequers_ecumenical_altar_simple_redux, serial_undead,
          serial_undead_a, serial_undead_b, serial_undead_e, serial_undead_e,
          serial_undead_e, serial_undead_e, chequers_serial_rivers_large_b
D:4:      kennysheep_goblin_castle, layout_loops_ring,
          mainiacjoe_overflow_boulevard, jmf_multi_god_temple,
          supply_closet_lemuel, dk_noncrumbling_4, uniq_grinder
D:5:      layout_rooms, grunt_temple_overflow_order_and_chaos_2, serial_glass,
          glass_columns_b, glass_columns_a, item_on_display_b,
          portal_sewer_entry_a
D:6:      layout_basic, bloody_trog, fedhas_altar_1, gammafunk_ghost_cemetery
D:7:      minmay_the_grid_octo_tiled_squarecenter
          [minmay_the_grid_octo_fan_narrow, minmay_the_grid_octo_toaster,
          minmay_the_grid_octo_odd_swirl, minmay_the_grid_octo_concentric,
          minmay_the_grid_square_5x5_megaprize_open,
          minmay_the_grid_square_5x5_eight,
          minmay_the_grid_square_5x5_intrusive_squares,
          minmay_the_grid_square_5x5_shuriken, minmay_the_grid_square_5x5_bite],
          layout_rooms, lemuel_tele_altar, minmay_temple_entry_crystal_x,
          serial_shops, kennysheep_mini, hellmonk_guarded_unrand_vines,
          uniq_crazy_yiuf_cottage

Skill      XL: |  1  2  3  4  5  6  7  8 |
---------------+-------------------------+-----
Maces & Flails | 3 4 6 7 |  7.5
Fighting       | 3 4 5 |  5.9
Armour         | 3 4 5 8 |  8.7
Stealth        | 1 |  1.1
Dodging        | 2 |  2.4
Ranged Weapons | |  0.2

Action                     |  1- 3 |  4- 6 |  7- 9 || total
---------------------------+-------+-------+-------++-------
  Melee: Mace              |    22 |       |       ||    22
         Tailslap          |     9 |    23 |    17 ||    49
         Great mace        |   112 |   147 |       ||   259
         Quarterstaff      |       |    11 |   169 ||   180
   Fire: Sling             |       |       |     2 ||     2
  Throw: Dart              |       |       |     1 ||     1
 Invoke: Berserk           |     2 |     1 |     6 ||     9
   Stab: Sleeping          |     1 |       |       ||     1
 Armour: Scale mail        |    89 |    80 |    35 ||   204
         Chain mail        |       |       |    99 ||    99
  Dodge: Dodged            |    75 |    79 |    74 ||   228

Table legend: (Time is in decaauts)
 A = Elapsed time spent in this place.
 B = Non-inter-level travel time spent in this place.
 C = Inter-level travel time spent in this place.
 D = Time resting spent in this place.
 E = Time spent auto-exploring this place.
 F = Levels seen in this place.
 G = Mean time per level.
                   A        B        C        D        E       F      G
               +--------+--------+--------+--------+--------+-----+--------+
         Total |   5667 |   5397 |    270 |    907 |   3237 |   8 |  708.4 |
       Dungeon |   5508 |   5238 |    270 |    907 |   3138 |   7 |  786.9 |
         Sewer |    159 |    159 |      0 |      0 |     99 |   1 |  159.0 |
               +--------+--------+--------+--------+--------+-----+--------+

Top non-repeatable levels by time:
     D:4: 1493 daAuts
     D:1: 930 daAuts
     D:3: 756 daAuts
     D:7: 744 daAuts
     D:5: 610 daAuts
     D:2: 598 daAuts
     D:6: 375 daAuts
   Sewer: 159 daAuts
